 Dungeon Crawl Stone Soup version 0.30.0-29-ga12c61a403 (webtiles) character file.

Game seed: 8100754020086877039

11438 qw the Cleaver (level 11, 0/71 HPs)
             Began as a Gargoyle Fighter on June 2, 2023.
             Was an Elder of Okawaru.
             Slain by a polar bear (15 damage)
             ... on level 1 of the Lair of Beasts.
             The game lasted 00:05:55 (10696 turns).

qw the Cleaver (Gargoyle Fighter)                  Turns: 10696, Time: 00:05:56

Health: 0/71       AC: 36    Str: 30    XL:     11   Next: 77%
Magic:  14/15      EV: 10    Int:  9    God:    Okawaru [****..]
Gold:   418        SH:  8    Dex:  9    Spells: 10/10 levels left

rFire   . . .        j - +0 broad axe
rCold   . . .        m - +2 buckler
rNeg    + . .        f - +2 plate armour {rPois}
rPois   inf          (no helmet)
rElec   +            q - +0 cloak
rCorr   .            a - +0 pair of gloves
SInv    .            k - +2 pair of boots
Will    .....        h - amulet of faith Stlth
                     w - +4 ring of protection
HPRegen 0.31/turn    n - +6 ring of strength
MPRegen 0.14/turn

%: faith
@: about to teleport, heroic
A: sickness immunity, AC +8, negative energy resistance 1, electricity
resistance, torment resistance 1, petrification resistance
a: Renounce Religion, Heroism, Finesse


You were on level 1 of the Lair of Beasts.
You worshipped Okawaru.
Okawaru was greatly pleased with you.
You visited 3 branches of the dungeon, and saw 13 of its levels.

You collected 680 gold pieces.
You spent 262 gold pieces at shops.


Innate Abilities, Weirdness & Mutations

You are immune to sickness and miasma.
Your stone body is resilient. (AC +8)
You are immune to poison.
You resist negative energy. (rN+)
You are resistant to electric shocks. (rElec)
You are resistant to unholy torment.
You are immune to petrification.


   Skills:
 - Level 9.2(14.2) Fighting
 - Level 12.0(17.0) Axes
 + Level 1.3(6.3) Throwing
 - Level 8.1(13.1) Armour
 - Level 2.6(7.6) Dodging
 - Level 5.6(10.6) Shields
 + Level 6.1 Invocations


You had 10 spell levels left.
You didn't know any spells.
Your spell library was empty.

Inventory:

Hand Weapons
 j - a +0 broad axe (weapon)
 p - a +0 demon whip of venom
 y - the +1 morningstar of the Wary Nightingales {flame, rPois rC+ Int-2}
   (You bought it in a shop on level 6 of the Dungeon)

   Int:       It affects your intelligence (-2).
   rC:        It protects you from cold.
   rPois:     It protects you from poison.
Missiles
 t - 9 boomerangs
 A - 5 javelins (quivered)
Armour
 a - a +0 pair of gloves (worn)
 f - a +2 plate armour of poison resistance (worn)
 k - a +2 pair of boots (worn)
 m - a +2 buckler (worn)
 q - a +0 cloak (worn)
 r - +0 acid dragon scales
Jewellery
 b - an amulet of the acrobat
 h - an amulet of faith (around neck)
 n - a +6 ring of strength (right hand)
 v - a ring of fire
 w - a +4 ring of protection (left hand)
 Y - a ring of protection from cold
Scrolls
 c - a scroll of teleportation
 g - 4 scrolls of identify
 x - 2 scrolls of enchant weapon {unknown}
 z - a scroll of torment {unknown}
Potions
 d - a potion of might
 e - 3 potions of cancellation
 i - 4 potions of haste
 l - a potion of mutation
 o - 8 potions of curing
 s - 3 potions of heal wounds
 u - 2 potions of attraction

Dungeon Overview and Level Annotations

Branches:
Dungeon (10/15)            Temple (1/1) D:6            Lair (2/5) D:10
  Swamp: Lair:2-3    Shoals: Lair:2-3     Snake: Lair:2-3    Spider: Lair:2-3
    Orc: D:9-12

Altars:
Ashenzari
Cheibriados
Dithmenos
Elyvilon
Gozag
Hepliaklqana
Kikubaaqudgha
Makhleb
Nemelex Xobeh
Okawaru
Qazlal
Ru
Sif Muna
Trog
Uskayaw
Vehumet
Wu Jian
Xom
Yredelemnul
Zin
The Shining One

Shops:
D:3 (   D:6 (   D:10 (


Message History

The death yak gores you but does no damage.
The polar bear closely misses you.
The polar bear claws you but does no damage.
You block the polar bear's attack.
You hit the death yak.
The death yak is heavily wounded.
You hit the rime drake. You hit the polar bear.
You hit the white imp but do no damage. You slash the polar bear!
The polar bear is almost dead.
You completely miss the rime drake. You hit the white imp but do no damage.
You hit the death yak but do no damage. The white imp gestures at you.
The puff of frost hits you but does no damage.
The death yak gores you but does no damage.
The polar bear goes berserk!
You barely miss the polar bear.
The polar bear is almost dead.
You hit the death yak. You slash the ice dragon! You slash the white imp!
You kill the white imp!
Okawaru accepts your kill.
The polar bear bites you but does no damage.
The polar bear barely misses you. x2; The death yak gores you!
You barely miss the polar bear.
The polar bear is almost dead.
You slash the death yak! You slash the ice dragon!
You closely miss the polar bear. The polar bear misses you.
The polar bear claws you. The polar bear barely misses you.
The ice dragon breathes frost at you.
The blast of cold hits you but does no damage.
The polar bear bites you but does no damage.
You block the polar bear's attack. x2; The death yak gores you.
The polar bear bites you but does no damage.
The polar bear claws you but does no damage. x2
10696 ||| READING 2 scrolls of teleportation.
As you read the scroll of teleportation, it crumbles to dust.
You feel strangely unstable. The polar bear bites you!
You die...

.........\.....
...............
~~~~.~........~
~~~~~~~~~~~~~~~
~~~~~~~4~~~~~
~~~hkhZ~~~~
#hYD4..# #.@h4..#
##h#.#..##
#........#
#.##..##.# ###
##.# ####.# ##
##.## #..#
###.##.##.####
##.#.## ##.#
#.............
##.###.## #.#
#.)...####.P#.
....>##.#
##.####.........#
#.


You could see an ice dragon, a death yak, 3 polar bears, 3 ice devils, a rime
drake, 2 wolves and an elephant simulacrum.

Vanquished Creatures
  2 two-headed ogres
  Amaemon (D:9)
  A skyshark (Lair:2)
  Pikel (D:7)
  An orange demon (D:9)
  A black mamba (Lair:1)
  2 cane toads (Lair:1)
  2 komodo dragons
  Grinder (D:6)
  A slime creature (D:7)
  4 yaks (D:9)
  3 wyverns
  2 basilisks
  A wraith (D:7)
  3 steam dragons
  An acid dragon (D:9)
  6 water moccasins
  6 ice beasts
  2 black bears
  3 orc warriors
  A wolf (Lair:2)
  2 ogres (D:7)
  2 centaurs
  A phantom (D:5)
  4 kobold brigands
  8 bullfrogs
  A gnoll sergeant (D:9)
  6 scorpions
  A wight (D:7)
  A gnoll bouda (D:7)
  3 hounds
  6 jellies
  8 orc priests
  9 iguanas
  9 orc wizards
  A sleepcap (D:4)
  5 gnolls (D:9)
  11 adders
  2 shadow imps (D:5)
  4 white imps
  6 worms
  A dart slug (D:1)
  49 orcs
  6 bats
  8 endoplasms
  2 giant cockroaches
  9 goblins
  8 hobgoblins
  2 jackals (D:3)
  23 kobolds
  A quokka (D:4)
  8 ball pythons
  7 frilled lizards
  6 rats
265 creatures vanquished.

Notes
Turn   | Place    | Note
-------+----------+-------------------------------------------
     0 | D:1      | qw the Gargoyle Fighter began the quest for the Orb.
     0 | D:1      | Reached XP level 1. HP: 14/14 MP: 1/1
     0 | D:1      | 0 ||| qw: Version: 0.2-a-102-gdf20003
     0 | D:1      | 0 ||| qw: Game counter: 941
     0 | D:1      | 0 ||| qw: Always use a shield: true
     0 | D:1      | 0 ||| qw: God list: Okawaru
     0 | D:1      | 0 ||| qw: Allow faded altars: false
     0 | D:1      | 0 ||| qw: Do Orc after D:15 true
     0 | D:1      | 0 ||| qw: Do second Lair branch before Depths: true
     0 | D:1      | 0 ||| qw: Lair rune preference: random
     0 | D:1      | 0 ||| qw: Plans: Normal, Zot:1-4, Slime:5, God:TSO, Crypt,
                  | Tomb, Pan, Hells, Abyss, Win
     0 | D:1      | 0 ||| PLANNING D:1-11
     6 | D:1      | Noticed a wolf
     6 | D:1      | Noticed a wyvern
     7 | D:1      | Noticed a snapping turtle
     7 | D:1      | Noticed a black bear
    84 | D:1      | Reached skill level 2 in Axes
   161 | D:1      | Reached XP level 2. HP: 19/19 MP: 2/2
   403 | D:1      | 403 ||| Stepping ~*~*~tactically~*~*~ (stealth).
   404 | D:1      | 404 ||| Stepping ~*~*~tactically~*~*~ (stealth).
   415 | D:1      | 415 ||| Stepping ~*~*~tactically~*~*~ (hiding).
   424 | D:1      | Reached skill level 3 in Axes
   614 | D:1      | 614 ||| UPGRADING to amulet of faith.
   619 | D:1      | 619 ||| UPGRADING to ring of protection from cold.
   620 | D:1      | 620 ||| READING scroll labelled BIRAQAB JOCHA.
   621 | D:1      | 621 ||| READING scroll labelled ZIEXAN FEROUPT.
   661 | D:2      | Reached XP level 3. HP: 23/23 MP: 3/3
   723 | D:2      | 723 ||| Stepping ~*~*~tactically~*~*~ (hiding).
   851 | D:2      | 851 ||| Stepping ~*~*~tactically~*~*~ (stealth).
  1151 | D:2      | Reached XP level 4. HP: 28/28 MP: 4/4
  1172 | D:2      | Reached skill level 4 in Axes
  1197 | D:2      | 1197 ||| Stepping ~*~*~tactically~*~*~ (hiding).
  1285 | D:2      | 1285 ||| READING scroll labelled YWNIYL FUEVVY.
  1286 | D:2      | 1286 ||| READING scroll labelled PEOTWURYICS.
  1287 | D:2      | 1287 ||| READING scroll labelled AMYTWI LERO.
  1288 | D:2      | 1288 ||| READING scroll labelled JOUSIOS ZOXT.
  1289 | D:2      | 1289 ||| DRINKING 2 amethyst potions.
  1405 | D:3      | 1405 ||| Stepping ~*~*~tactically~*~*~ (hiding).
  1407 | D:3      | 1407 ||| Stepping ~*~*~tactically~*~*~ (hiding).
  1418 | D:3      | 1418 ||| FLEEEEING.
  1419 | D:3      | 1419 ||| FLEEEEING.
  1465 | D:3      | 1465 ||| Stepping ~*~*~tactically~*~*~ (stealth).
  1663 | D:3      | Reached XP level 5. HP: 32/32 MP: 5/5
  1733 | D:3      | 1733 ||| Stepping ~*~*~tactically~*~*~ (hiding).
  1737 | D:3      | 1737 ||| Stepping ~*~*~tactically~*~*~ (hiding).
  1910 | D:3      | 1910 ||| SWAPPING to +0 broad axe.
  1920 | D:3      | 1920 ||| DROPPING +0 war axe.
  2039 | D:3      | 2039 ||| Stepping ~*~*~tactically~*~*~ (stealth).
  2100 | D:3      | Reached skill level 5 in Axes
  2160 | D:3      | Found Idgha Vem's Antique Weapon Shoppe.
  2498 | D:3      | 2498 ||| UPGRADING to +2 pair of boots.
  2503 | D:3      | 2503 ||| UPGRADING to +2 buckler.
  2513 | D:3      | 2513 ||| DROPPING +0 buckler.
  2514 | D:3      | 2514 ||| UPGRADING to +0 chain mail.
  2524 | D:3      | 2524 ||| DROPPING +0 scale mail.
  2525 | D:3      | 2525 ||| READING scroll labelled WAPTAD FAHOED.
  2637 | D:4      | 2637 ||| Stepping ~*~*~tactically~*~*~ (stealth).
  2647 | D:4      | Reached XP level 6. HP: 31/39 MP: 6/6
  2995 | D:4      | Identified the +0 spear of the Little People {heavy, rN+
                  | Will+ Str-3 SInv}
  3070 | D:4      | Reached skill level 6 in Axes
  3076 | D:4      | 3076 ||| DRINKING 3 potions of curing.
  3076 | D:4      | 3076 ||| (to cure confusion)
  3123 | D:4      | 3123 ||| DRINKING 2 potions of curing.
  3123 | D:4      | 3123 ||| (to cure confusion)
  3128 | D:4      | Reached skill level 1 in Dodging
  3128 | D:4      | Reached XP level 7. HP: 42/44 MP: 7/7
  3136 | D:4      | 3136 ||| DROPPING +0 whip.
  3631 | D:4      | 3631 ||| UPGRADING to +0 pair of gloves.
  3636 | D:4      | 3636 ||| DRINKING 3 brown potions.
  3637 | D:4      | 3637 ||| DRINKING potion of curing.
  3637 | D:4      | 3637 ||| (to cure confusion)
  3638 | D:4      | 3638 ||| DROPPING 2 potions of ambrosia.
  3676 | D:5      | Entered Level 5 of the Dungeon
  3677 | D:5      | 3677 ||| Stepping ~*~*~tactically~*~*~ (hiding).
  3678 | D:5      | 3678 ||| Stepping ~*~*~tactically~*~*~ (hiding).
  3684 | D:5      | 3684 ||| Stepping ~*~*~tactically~*~*~ (hiding).
  3685 | D:5      | 3685 ||| Stepping ~*~*~tactically~*~*~ (hiding).
  3869 | D:5      | Reached skill level 7 in Axes
  3937 | D:5      | 3937 ||| Stepping ~*~*~tactically~*~*~ (stealth).
  3945 | D:5      | Reached XP level 8. HP: 49/49 MP: 8/8
  4072 | D:5      | Reached skill level 8 in Axes
  4856 | D:5      | 4856 ||| UPGRADING to +0 cloak.
  4861 | D:5      | 4861 ||| READING scroll labelled HOACVAO TINA.
  4862 | D:5      | 4862 ||| READING scroll labelled PAILOK FIXYWK.
  4863 | D:5      | 4863 ||| DRINKING 3 green potions.
  4864 | D:5      | 4864 ||| READING 3 scrolls of identify.
  4864 | D:5      | 4864 ||| IDENTIFYING bubbling sapphire potion
  4865 | D:5      | 4865 ||| READING 2 scrolls of identify.
  4865 | D:5      | 4865 ||| IDENTIFYING lumpy puce potion
  4894 | D:6      | 4894 ||| Stepping ~*~*~tactically~*~*~ (stealth).
  4895 | D:6      | Noticed Grinder
  4901 | D:6      | Paralysed by Grinder for 2 turns
  4909 | D:6      | Paralysed by Grinder for 4 turns
  4910 | D:6      | Reached skill level 6 in Fighting
  4914 | D:6      | Killed Grinder
  4933 | D:6      | HP: 11/51 [iguana (8)]
  4934 | D:6      | Reached skill level 9 in Axes
  4934 | D:6      | Reached XP level 9. HP: 12/55 MP: 9/9
  4950 | D:6      | 4950 ||| FLEEEEING.
  4951 | D:6      | 4951 ||| FLEEEEING.
  4953 | D:6      | 4953 ||| STAIRDANCE
  5087 | D:6      | Found a staircase to the Ecumenical Temple.
  5088 | D:6      | 5088 ||| PLANNING TEMPLE
  5148 | D:6      | 5148 ||| FLEEEEING.
  5149 | D:6      | 5149 ||| FLEEEEING.
  5152 | D:6      | 5152 ||| STAIRDANCE
  5194 | D:6      | 5194 ||| STAIRDANCE
  5220 | D:5      | 5220 ||| DROPPING +0 flail.
  5225 | D:6      | 5225 ||| Stepping ~*~*~tactically~*~*~ (stealth).
  5227 | D:6      | 5227 ||| Stepping ~*~*~tactically~*~*~ (hiding).
  5228 | D:6      | 5228 ||| Stepping ~*~*~tactically~*~*~ (hiding).
  5229 | D:6      | 5229 ||| Stepping ~*~*~tactically~*~*~ (hiding).
  5295 | Temple   | Entered the Ecumenical Temple
  5432 | Temple   | 5432 ||| PLANNING OKAWARU WORSHIP
  5531 | Temple   | 5531 ||| UPGRADING to +0 plate armour.
  5541 | Temple   | 5541 ||| DROPPING +0 chain mail.
  5595 | Temple   | Became a worshipper of Warmaster Okawaru
  5595 | Temple   | 5595 ||| PLANNING D:1-11
  5728 | D:6      | Reached skill level 1 in Throwing
  5771 | D:6      | Identified the +0 pair of boots of Eternal Vigilance
                  | {rElec}
  6005 | D:6      | Found Cerirey's Weapon Shop.
  6014 | D:6      | 6014 ||| BUYING +1 morningstar of the Wary Nightingales
                  | {flame, rPois rC+ Int-2} (262 gold).
  6014 | D:6      | Bought the +1 morningstar of the Wary Nightingales {flame,
                  | rPois rC+ Int-2} for 262 gold pieces
  6014 | D:6      | 6014 ||| DROPPING +0 morningstar.
  6055 | D:6      | 6055 ||| DROPPING +0 pair of boots of Eternal Vigilance
                  | {rElec}.
  6056 | D:6      | 6056 ||| READING scroll labelled XOTIUBIT CEDDOXUS.
  6057 | D:6      | 6057 ||| READING scroll labelled HEEFOB XIKHLAME.
  6058 | D:6      | 6058 ||| DRINKING 3 fuming brown potions.
  6059 | D:6      | 6059 ||| DRINKING 2 sedimented puce potions.
  6060 | D:6      | 6060 ||| DROPPING 2 potions of invisibility.
  6080 | D:7      | Noticed Pikel
  6087 | D:7      | Killed Pikel
  6087 | D:7      | Reached * piety under Okawaru
  6175 | D:7      | Reached skill level 1 in Invocations
  6192 | D:7      | 6192 ||| INVOKING Heroism.
  6258 | D:7      | 6258 ||| INVOKING Heroism.
  6342 | D:7      | 6342 ||| INVOKING Heroism.
  6349 | D:7      | Reached skill level 3 in Invocations
  6372 | D:7      | 6372 ||| INVOKING Heroism.
  6377 | D:7      | Reached XP level 10. HP: 53/63 MP: 9/12
  6377 | D:7      | 6377 ||| Stepping ~*~*~tactically~*~*~ (cloud).
  6421 | D:7      | 6421 ||| FLEEEEING.
  6422 | D:7      | 6422 ||| FLEEEEING.
  6433 | D:7      | 6433 ||| INVOKING Heroism.
  6509 | D:7      | Reached ** piety under Okawaru
  6583 | D:7      | 6583 ||| INVOKING Heroism.
  6609 | D:7      | 6609 ||| Stepping ~*~*~tactically~*~*~ (hiding).
  6614 | D:7      | 6614 ||| INVOKING Heroism.
  6667 | D:7      | 6667 ||| INVOKING Heroism.
  6686 | D:7      | Reached skill level 10 in Axes
  6812 | D:7      | 6812 ||| INVOKING Heroism.
  7296 | D:7      | 7296 ||| UPGRADING to +2 plate armour of poison resistance.
  7306 | D:7      | 7306 ||| DROPPING +0 plate armour.
  7307 | D:7      | 7307 ||| UPGRADING to +6 ring of strength.
  7308 | D:7      | 7308 ||| READING scroll labelled BOIFON BEAFU.
  7356 | D:8      | 7356 ||| Stepping ~*~*~tactically~*~*~ (hiding).
  7361 | D:8      | 7361 ||| INVOKING Heroism.
  7366 | D:8      | HP: 15/64 [steam dragon/ball of steam (22)]
  7370 | D:8      | 7370 ||| FLEEEEING.
  7371 | D:8      | 7371 ||| STAIRDANCE
  7371 | D:8      | HP: 16/64 [wyvern (1)]
  7591 | D:8      | 7591 ||| Stepping ~*~*~tactically~*~*~ (hiding).
  7592 | D:8      | 7592 ||| Stepping ~*~*~tactically~*~*~ (hiding).
  7781 | D:8      | 7781 ||| Stepping ~*~*~tactically~*~*~ (hiding).
  7900 | D:8      | 7900 ||| Stepping ~*~*~tactically~*~*~ (hiding).
  7909 | D:8      | 7909 ||| Stepping ~*~*~tactically~*~*~ (hiding).
  8132 | D:8      | 8132 ||| DRINKING 2 fuming emerald potions.
  8133 | D:8      | 8133 ||| DROPPING potion of flight.
  8330 | D:9      | 8330 ||| Stepping ~*~*~tactically~*~*~ (hiding).
  8343 | D:9      | Noticed a two-headed ogre
  8344 | D:9      | 8344 ||| INVOKING Heroism.
  8346 | D:9      | HP: 9/64 [acid dragon/splash of acid (27)]
  8347 | D:9      | 8347 ||| READING scroll of teleportation.
  8686 | D:9      | Noticed Amaemon
  8686 | D:9      | Noticed an orange demon
  8687 | D:9      | 8687 ||| INVOKING Heroism.
  8699 | D:9      | Killed Amaemon
  8704 | D:9      | Reached skill level 11 in Axes
  8709 | D:9      | Killed an orange demon
  8709 | D:9      | Reached *** piety under Okawaru
  8719 | D:9      | Reached XP level 11. HP: 64/68 MP: 14/14
  8822 | D:9      | 8822 ||| Stepping ~*~*~tactically~*~*~ (hiding).
  9032 | D:9      | 9032 ||| INVOKING Heroism.
  9046 | D:9      | Reached skill level 9 in Fighting
  9088 | D:9      | 9088 ||| Stepping ~*~*~tactically~*~*~ (stealth).
  9124 | D:9      | 9124 ||| INVOKING Heroism.
  9133 | D:9      | Killed a two-headed ogre
  9211 | D:9      | 9211 ||| UPGRADING to +4 ring of protection.
  9219 | D:10     | Entered Level 10 of the Dungeon
  9380 | D:10     | Found a staircase to the Lair.
  9397 | D:10     | 9397 ||| Stepping ~*~*~tactically~*~*~ (cloud).
  9398 | D:10     | 9398 ||| Stepping ~*~*~tactically~*~*~ (cloud).
  9399 | D:10     | 9399 ||| Stepping ~*~*~tactically~*~*~ (cloud).
  9402 | D:10     | 9402 ||| FLEEEEING.
  9403 | D:10     | 9403 ||| FLEEEEING.
  9404 | D:10     | 9404 ||| FLEEEEING.
  9405 | D:10     | 9405 ||| FLEEEEING.
  9406 | D:10     | 9406 ||| FLEEEEING.
  9407 | D:10     | 9407 ||| FLEEEEING.
  9408 | D:10     | 9408 ||| FLEEEEING.
  9409 | D:10     | 9409 ||| FLEEEEING.
  9410 | D:10     | 9410 ||| STAIRDANCE
  9467 | D:10     | 9467 ||| INVOKING Heroism.
  9480 | D:10     | Noticed a two-headed ogre
  9483 | D:10     | 9483 ||| INVOKING Heroism.
  9491 | D:10     | Killed a two-headed ogre
  9491 | D:10     | Reached **** piety under Okawaru
  9626 | D:10     | Found Baod's Antique Weapon Emporium.
  9771 | D:10     | 9771 ||| PLANNING LAIR
  9771 | D:10     | 9771 ||| READING 3 scrolls of identify.
  9771 | D:10     | 9771 ||| IDENTIFYING fizzy dark potion
  9772 | D:10     | 9772 ||| DROPPING potion of brilliance.
  9797 | Lair:1   | Entered Level 1 of the Lair of Beasts
  9891 | Lair:1   | 9891 ||| INVOKING Heroism.
  9913 | Lair:1   | Identified the +4 short sword of Pandemonium {flame, *Noise
                  | rElec rN+ Will+}
  9929 | Lair:1   | 9929 ||| INVOKING Heroism.
  9938 | Lair:1   | Received a gift from Okawaru
 10167 | Lair:1   | You fall into a shaft and drop 1 floor!
 10184 | Lair:2   | Noticed a skyshark
 10199 | Lair:2   | Killed a skyshark
 10200 | Lair:2   | Reached skill level 12 in Axes
 10307 | Lair:2   | 10307 ||| DROPPING +6 ring of dexterity.
 10308 | Lair:2   | 10308 ||| READING 4 scrolls of identify.
 10308 | Lair:2   | 10308 ||| IDENTIFYING silvery potion
 10309 | Lair:2   | 10309 ||| DROPPING potion of degeneration.
 10424 | Lair:1   | 10424 ||| INVOKING Heroism.
 10440 | Lair:1   | Reached skill level 6 in Invocations
 10513 | Lair:1   | 10513 ||| Stepping ~*~*~tactically~*~*~ (hiding).
 10682 | Lair:1   | Noticed a death yak
 10683 | Lair:1   | 10683 ||| INVOKING Heroism.
 10686 | Lair:1   | Noticed an ice dragon
 10695 | Lair:1   | HP: 15/71 [death yak (5)]
 10696 | Lair:1   | 10696 ||| READING 2 scrolls of teleportation.
 10696 | Lair:1   | Slain by a polar bear

Levels and vault maps discovered:
D:1:      onia_arrival_zoo_common, layout_rooms
D:2:      minmay_chambers_of_twos, layout_basic
D:3:      minmay_razor_zed, layout_loops_corners, fedhas_ov_isle_minmay,
          serial_shops, nicolae_shop_back_alley_shop
D:4:      layout_gridville
D:5:      layout_gridville
D:6:      layout_rooms, minmay_temple_entry_glass, serial_shops,
          nicolae_lakefront_shop, uniq_grinder
D:7:      kennysheep_windowed_halls, layout_basic, kennysheep_generic_room_6,
          uniq_pikel
D:8:      layout_rooms, nicolae_elevator_lobby_plus
D:9:      layout_loops_ring, minmay_lizard_king, uniq_amaemon
D:10:     layout_rooms, lair_entry_dummy, serial_shops,
          nicolae_inconvenience_store
Temple:   mainiacjoe_temple_archimedes_tessellation
Lair:1:   dreamdust_isle_of_ice, layout_loops_ring,
          chequers_serial_rivers_room_a, minmay_stone_trees_medium,
          infiniplex_staircase_pool_2, serial_bayou_shore_a,
          serial_bayou_shore_b
Lair:2:   nzn_winding_woodlands_stair_trap [nzn_winding_woodlands_5x15_zeroes,
          nzn_winding_woodlands_5x15_river_crossing,
          nzn_winding_woodlands_5x15_parted,
          nzn_winding_woodlands_15x15_eel_pit, nzn_winding_woodlands_5x15_pool,
          nzn_winding_woodlands_5x15_longhouse,
          nzn_winding_woodlands_5x15_garden], layout_cave_pods, uniq_fannar,
          uniq_erica

Skill      XL: |  1  2  3  4  5  6  7  8  9 10 11 |
---------------+----------------------------------+-----
Axes           | 2 3 4 5 6 7 9 11 12 | 12.0
Fighting       | 4 5 6 7 8 9 |  9.2
Dodging        | 1 2 |  2.6
Armour         | 4 7 8 |  8.1
Shields        | 4 5 |  5.6
Throwing       | 1 |  1.3
Invocations    | 3 4 6 |  6.1

Action                     |  1- 3 |  4- 6 |  7- 9 | 10-12 || total
---------------------------+-------+-------+-------+-------++-------
  Melee: War axe           |   101 |    73 |       |       ||   174
         Broad axe         |       |   157 |   297 |   375 ||   829
  Throw: Boomerang         |       |       |    15 |    27 ||    42
         Javelin           |       |       |       |     3 ||     3
 Invoke: Heroism           |       |       |     4 |    16 ||    20
    Use: Scroll            |     2 |     5 |     6 |     5 ||    18
         Potion            |       |     3 |     5 |     1 ||     9
   Stab: Invisible         |       |       |     3 |       ||     3
 Armour: Scale mail        |    51 |    83 |       |       ||   134
         Chain mail        |       |    81 |   137 |       ||   218
         Plate armour      |       |       |    39 |   269 ||   308
  Dodge: Dodged            |    44 |    89 |   110 |   126 ||   369
  Block: Buckler           |    17 |    49 |    99 |   149 ||   314

Table legend:
 A = Non-vault XP
 B = Vault XP
 C = Vault XP percentage of total XP
 D = Non-vault monster count
 E = Vault monster count
 F = Vault count percentage of total count
                 A         B        C        D         E       F
            +---------+---------+-------+---------+---------+-------
      Total |   10950 |    5390 |  33.0 |     206 |      59 |  22.3
            +---------+---------+-------+---------+---------+-------
        D:1 |      33 |       0 |   0.0 |      17 |       0 |   0.0
        D:2 |      53 |      45 |  45.9 |      17 |       8 |  32.0
        D:3 |     113 |      27 |  19.3 |      19 |      13 |  40.6
        D:4 |     653 |       0 |   0.0 |      26 |       0 |   0.0
        D:5 |     845 |       0 |   0.0 |      18 |       0 |   0.0
        D:6 |    1044 |     281 |  21.2 |      29 |       1 |   3.3
        D:7 |     939 |    2455 |  72.3 |      17 |      24 |  58.5
        D:8 |     654 |       0 |   0.0 |      19 |       0 |   0.0
        D:9 |    2282 |    1692 |  42.6 |      19 |      10 |  34.5
       D:10 |    1681 |       0 |   0.0 |      14 |       0 |   0.0
     Lair:1 |    2653 |      10 |   0.4 |      11 |       1 |   8.3
     Lair:2 |       0 |     880 | 100.0 |       0 |       2 | 100.0
            +---------+---------+-------+---------+---------+-------
